AoeStats
← alix

Arabia

508472675Analyzed
1v1 RM · 10d ago on Sep 22, 2026· 33m 35s· 2 players
Game mode
Random Map
Map size
Tiny (2 player)
Population
200
Speed
Normal
Resources
Standard
Victory
Conquest
Starting age
Dark Age
Ending age
Imperial Age
RankedLock teamsTeams togetherTeam positionsShared explorationLock speedFull tech treeHidden civsTurbo modeCheats
Victory
Defeat
🇩🇪 Danes · Germany
1802
+13
🇦🇷 Varangians · Argentina
1738
-13
rW
6:33 Loom
8:48 Feudal Age
15:52 Fletching
23:42 Castle Age
21:59 Double-Bit Axe
22:58 Bloodlines
23:05 Scale Barding Armor
22:50 Horse Collar
23:40 Gold Mining
24:23 Husbandry
26:26 Chain Barding Armor
30:18 Bow Saw
32:57 Town Watch
alix
7:25 Loom
9:37 Feudal Age
9:44 Man-at-Arms
10:31 Double-Bit Axe
11:31 Horse Collar
19:18 Fletching
21:34 Castle Age
20:19 Padded Archer Armor
22:15 Bodkin Arrow
22:47 Bow Saw
22:55 Bloodlines
22:46 Husbandry
23:02 Bloodlines
26:42 Ballistics
27:46 Thumb Ring
Connection lost

Rejoining the realm…

Still unreachable

The connection could not be restored.

Session expired

The server has moved on; the page needs a fresh start.